 Dungeon Crawl Stone Soup version 0.31.0-9-g3a7656b989 (webtiles) character file.

Game seed: 12333758360045512263

1577715 James the Conqueror (level 27, 259/270 (273) HPs)
             Began as a Minotaur Berserker on Jan 26, 2024.
             Was the Champion of Trog.
             Escaped with the Orb
             ... and 3 runes!
             The game lasted 03:21:41 (84449 turns).

James the Conqueror (Minotaur Berserker)           Turns: 84449, Time: 03:21:41

HP:   259/270 (273) AC: 50    Str: 31    XL:     27
MP:   19/19         EV: 20    Int:  1    God:    Trog [******]
Gold: 4714          SH: 31    Dex: 19    Spells: 26/26 levels left

rFire   + + +        a - +9 demon trident (flame)
rCold   + + .        X - +0 tower shield {rC+}
rNeg    + . .        o - +12 gold dragon scales
rPois   +            (helmet unavailable)
rElec   +            I - +0 cloak {Will+}
rCorr   +            s - +2 pair of gloves {infuse}
SInv    .            G - +2 pair of boots {Fly}
Will    +++..        A - amulet "Qoizith" {Reflect rElec rN+ Int-4 Slay+5 SH+5} Stlth
                     Z - ring of resist corrosion
HPRegen 0.65/turn    d - ring of Awytatus {rF+ Int+3 Dex+6}
MPRegen 0.16/turn

%: reflection, infuse magic (1 MP)
@: flying, studying 4 skills, lightly drained
A: horns 3, retaliatory headbutt, claws 1, talons 1, clumsy 1, dopey 1, fire
resistance 1, low MP 1, screaming 2, shaggy fur 1
0: Orb of Zot
}: 3/15 runes: decaying, serpentine, silver
a: Renounce Religion, Berserk, Trog's Hand, Brothers in Arms


You escaped.
You worshipped Trog.
Trog was exalted by your worship.
You visited 11 branches of the dungeon, and saw 51 of its levels.
You visited the Abyss 1 time.
You also visited: Trove, Gauntlet and Ice Cave.

You collected 8849 gold pieces.
You spent 4135 gold pieces at shops.

Inventory:

Hand Weapons
 a - a +9 demon trident of flaming (weapon)
   (Trog gifted it to you on level 5 of the Lair of Beasts)
 b - the +3 spear "Widowmaker" {protect, Will+++ Str-3 SInv}
   (You found it on level 3 of the Elven Halls)

   Str-3:     It affects your strength (-3).
   Will+++:   It greatly increases your willpower.
   SInv:      It lets you see invisible.
 B - the +10 trident of Riaxun {flame, rN++}
   (Trog gifted it to you on level 4 of the Snake Pit)

   rN++:      It greatly protects you from negative energy.
 Q - the +10 trident of Icylirocs {freeze, rC+ MP+9 Str+5 SInv}
   (You bought it in a shop on level 1 of the Dungeon)

   Str+5:     It affects your strength (+5).
   rC+:       It protects you from cold.
   MP+9:      It affects your magic capacity (+9).
   SInv:      It lets you see invisible.
Missiles
 j - 14 curare-tipped darts {!f}
 D - 25 javelins
 J - 10 silver javelins (quivered)
 Y - 4 throwing nets {!f}
Armour
 o - +12 gold dragon scales (worn)
   (You found it on level 2 of the Realm of Zot)
 s - a +2 pair of gloves of infusion (worn)
   (You bought it in a shop on level 1 of the Depths)
 y - a +2 tower shield of protection
   (You took it off a naga warrior on level 3 of the Snake Pit)
 G - a +2 pair of boots of flying (worn)
   (You found it in a Gauntlet)
 I - a +0 cloak of willpower (worn)
   (You took it off Maurice on level 10 of the Dungeon)
 X - a +0 tower shield of cold resistance (worn)
   (You took it off a naga warrior on level 1 of the Snake Pit)
Jewellery
 d - the ring of Awytatus (right hand) {rF+ Int+3 Dex+6}
   (You bought it in a shop on level 2 of the Orcish Mines)

   [ring of dexterity]

   Int+3:     It affects your intelligence (+3).
   Dex+6:     It affects your dexterity (+6).
   rF+:       It protects you from fire.
 e - the ring "Ahaizy" {rC+ Will+ MP+9 Str+3 Int-4}
   (You took it off a necromancer on level 5 of the Lair of Beasts)

   [ring of magical power]

   Str+3:     It affects your strength (+3).
   Int-4:     It affects your intelligence (-4).
   rC+:       It protects you from cold.
   Will+:     It increases your willpower.
   MP+9:      It affects your magic capacity (+9).
 n - the ring "Usew" {Fly rC+}
   (You found it in a Gauntlet)

   [ring of protection from cold]

   rC+:       It protects you from cold.
   Fly:       It grants you flight.
 z - a ring of see invisible
   (You took it off an arcanist on level 3 of the Vaults)
 A - the amulet "Qoizith" (around neck) {Reflect rElec rN+ Int-4 Slay+5 SH+5}
   (You found it in a treasure trove)

   [amulet of reflection]

   Reflect:   It reflects blocked missile attacks.
   Int-4:     It affects your intelligence (-4).
   Slay+5:    It affects your accuracy & damage with ranged weapons and melee
   (+5).
   rElec:     It insulates you from electricity.
   rN+:       It protects you from negative energy.
   SH+5:      It affects your SH (+5).
 L - a ring of positive energy
   (You found it on level 11 of the Dungeon)
 P - the ring "Apent" {+Blink rF+ Str+6 Dex-5}
   (You took it off a frost giant on level 2 of the Depths)

   [ring of strength]

   Str+6:     It affects your strength (+6).
   Dex-5:     It affects your dexterity (-5).
   rF+:       It protects you from fire.
   +Blink:    It lets you blink.
 Z - a ring of resist corrosion (left hand)
   (You found it on level 2 of the Depths)
Wands
 q - a wand of polymorph (37)
   (You found it on level 14 of the Dungeon)
 u - a wand of paralysis (68)
   (You found it on level 7 of the Dungeon)
 v - a wand of digging (35)
   (You found it on level 11 of the Dungeon)
 x - a wand of acid (19)
   (You found it on level 1 of the Lair of Beasts)
 C - a wand of mindburst (25)
   (You found it on level 10 of the Dungeon)
 M - a wand of roots (105)
   (You found it on level 11 of the Dungeon)
Scrolls
 c - 4 scrolls of summoning
 f - 13 scrolls of fear
 h - 8 scrolls of revelation
 m - 13 scrolls of immolation {!r}
 r - 7 scrolls of blinking
 E - 31 scrolls of teleportation {@r4}
 N - 5 scrolls of silence
 T - 11 scrolls of fog
Potions
 i - 7 potions of haste {@q3}
 k - 25 potions of curing {@q1}
 l - 9 potions of mutation {!q}
 w - 17 potions of heal wounds {@q2}
 F - 7 potions of enlightenment
 H - 4 potions of ambrosia
 K - 8 potions of invisibility
 O - 5 potions of cancellation
 R - 5 potions of resistance
 U - 10 potions of might
Miscellaneous
 g - a lightning rod (4/4) {!a}
   (You found it on level 2 of the Vaults)
 p - a phial of floods
   (You found it in a Gauntlet)
 t - a sack of spiders
   (You found it on level 5 of the Vaults)
 V - a phantom mirror
   (You found it on level 2 of the Vaults)
 W - a condenser vane
   (You found it on level 5 of the Vaults)


   Skills:
 O Level 27 Fighting
 + Level 26.4 Polearms
 O Level 27 Armour
 + Level 22.2 Dodging
 O Level 27 Shields
 + Level 17.3 Evocations


You had 26 spell levels left.
You didn't know any spells.
Your spell library was empty.

Dungeon Overview and Level Annotations

Branches:
Dungeon (15/15)            Temple (1/1) D:6            Lair (5/5) D:11
  Swamp (4/4) Lair:3        Snake (4/4) Lair:2        Slime (0/5) Lair:4
    Orc (2/2) D:11            Elf (3/3) Orc:2        Vaults (5/5) D:14
  Crypt (3/3) Vaults:2       Tomb (0/3) Crypt:3      Depths (4/4) D:15
    Zot (5/5) Depths:4      IceCv (visited)         Gauntlet (visited)

Altars:
Ashenzari
Cheibriados
Dithmenos
Elyvilon
Fedhas
Gozag
Hepliaklqana
Kikubaaqudgha
Makhleb
Nemelex Xobeh
Okawaru
Qazlal
Ru
Sif Muna
Trog
Uskayaw
Vehumet
Wu Jian
Xom
Yredelemnul
Zin
The Shining One

Shops:
D:1 *   D:6 [=*[   D:10 **:   D:15 ?   Orc:2 (*[=   Elf:2 ([:   Snake:1 (
Snake:2 ([(!   Vaults:3 ((([   Depths:1 [*   Depths:4 ([

Portals:
Hell: Depths:1 Depths:2 Depths:3 Depths:4
Abyss: Depths:1 Depths:2 Depths:3
Pandemonium: Depths:2
Ziggurat: Depths:4

Annotations:
D:5 1 runed translucent door, nitefall's ghost, novice MiBe
D:10 6 transporters
Lair:1 3 runed translucent doors, Artemis2's ghost, journeyman DjCj
Lair:5 exclusion: obsidian statue
Swamp:1 3 runed translucent doors, GriffinBr's ghost, journeyman DsGl
Elf:2 2 transporters, 3 runed translucent doors
Vaults:4 1 runed translucent door
Crypt:2 1 runed translucent door, Houmnergh's ghost, master GnSh


Innate Abilities, Weirdness & Mutations

You have a pair of large horns on your head.
You reflexively headbutt those who attack you in melee.
You have sharp fingernails.
You have sharp toenails.
You are clumsy. (Dex -2)
You are dopey. (Int -2)
Your flesh is heat resistant. (rF+)
Your magical capacity is low. (-10% MP)
You frequently scream uncontrollably at your foes.
You are covered in fur. (AC +1)


Message History

The demonspawn blood saint is wielding a +0 quarterstaff and wearing a +2 robe of positive energy.
The blizzard demon shouts!
The demonspawn blood saint conjures a destructive force in the name of Makhleb!
The mass of ice explodes!
The iceblast engulfs you but does no damage.
The ghostly flame explodes!
The ghostly fireball engulfs you! You partially resist.
You feel drained.
The demonspawn blood saint conjures a destructive force in the name of Makhleb!
The fireball explodes!
The fireball engulfs you. You resist.
The fireball explodes!
The fireball engulfs you. You resist. The blizzard demon gestures at you.
The bolt of lightning hits you! You resist.
The demonspawn blood saint conjures a destructive force in the name of Makhleb!
The mass of ice explodes!
The iceblast engulfs you!! You partially resist.
The mass of ice explodes!
The iceblast engulfs you! You partially resist.
The blizzard demon gestures at you. The freezing blast misses you.
You are engulfed in freezing vapours.
You resist.
You are engulfed in freezing vapours.
You resist.
You feel yourself speed up.
There is a stone staircase leading up here.
You fly upwards.
There is a stone staircase leading down here.
What level of the Dungeon? (default 1, ? - help)
An Orb Guardian comes into view.
You impale the Orb Guardian!! You burn the Orb Guardian!
Your headbutt misses the Orb Guardian. The Orb Guardian closely misses you.
You completely miss the Orb Guardian.
You headbutt the Orb Guardian, but do no damage.
You impale the Orb Guardian!! You burn the Orb Guardian.
You headbutt the Orb Guardian!
You kill the Orb Guardian!
Trog accepts your kill.
No target in view!
What level of the Dungeon? (default 1, ? - help)
There is a stone staircase leading up here.
You fly upwards.
There is a stone staircase leading down here.
There is a stone staircase leading up here.
You fly upwards.
Your extra speed is starting to run out.
There is a stone staircase leading down here.
You feel yourself slow down.
Unknown command.
Unknown command.
What level of the Dungeon? (default 1, ? - help)
There is an open door here.
There is an open door here.
There is a staircase leading out of the dungeon here.
You have escaped!

~♣♣~~.P♣~~♣P~#.#.....###.###..#..
~P♣~~♣♣P~~.♣~#.#.#............#..
~♣♣~~PPP~~♣P~#.#.#............#..
~.♣~~PPP~~♣.~#.#.##.......∩.....#
~♣P~~♣P♣~~♣♣~#...##........######
~.♣~~~~~~~PP~######....###.#
~.♣~.....~PP~#...#####.# #.#
~~~~.###.~~~~#...# #.# #.#
.....#§#.....'..@# ##+###.#
~~~~.###.~~~~#...# #......#
~♣♣~.....~♣♣~#...# #......#
~P♣~~~~~~~..~##### #......##
~♣P~~♣.P~~♣♣~# #.......###
~♣.~~P♣♣~~PP~# #.........##
~♣.~~P♣P~~P♣~# #....##.##.##
~P.~~PPP~~♣♣~# #.#.#.~.~.#.#
~P.~~P..~~PP~# ###..#..~.~..#.


There were no monsters in sight!

Vanquished Creatures
  9 dread liches
  4 ancient liches
  8 orbs of fire
  2 juggernauts (Depths:3)
  Boris (4 times) (Depths:2 Depths:4 Crypt:1)
  Parghit (Zot:2)
  2 pandemonium lords
  Saint Roka (Vaults:2)
  4 Killer Klowns
  5 caustic shrikes
  Margery (Depths:4)
  4 curse toes
  10 golden dragons
  Nikola (Vaults:2)
  Norris (Depths:2)
  A profane servitor (Crypt:3)
  A Tzitzimitl (D:12)
  2 electric golems (Zot:5)
  3 walking crystal tomes
  Jorgrun (Orc:2)
  A walking earthen tome (Depths:3)
  A Hell Sentinel (Zot:3)
  26 Orb Guardians
  A hellephant (Depths:4)
  19 tentacled monstrosities
  Asterion (Elf:2)
  5 liches
  7 titans
  6 quicksilver dragons
  A walking frostbound tome (Depths:3)
  13 sphinxes
  9 death cobs
  3 deep elf master archers (Elf:3)
  9 ancient champions
  3 thorn hunters
  Gastronok (Lair:3)
  Agnes (Elf:1)
  Frances (Snake:1)
  15 shadow dragons
  Donald (Orc:2)
  17 storm dragons
  3 draconian knights (Zot:1)
  7 tengu reavers
  10 draconian monks
  5 nagarajas (Snake:2)
  4 revenants
  3 protean progenitors
  Aizul (Snake:2)
  7 fire giants
  6 iron dragons
  8 deep elf sorcerers
  9 frost giants
  11 draconian shifters
  3 curse skulls
  4 ghost moths
  14 draconian scorchers
  16 vault wardens
  14 draconian annihilators
  7 deep elf elementalists
  3 draconian stormcallers
  9 orc warlords
  10 ghouls
  3 spriggan defenders
  A juggernaut skeleton (Crypt:2)
  19 ironbound preservers
  12 stone giants
  16 very ugly things
  A hydra skeleton (Swamp:4)
  3 formless jellyfish
  5 eleionomae
  10 green draconians
  5 ironbound thunderhulks
  16 purple draconians
  3 deep elf death magi
  3 deep elf demonologists
  11 vampire knights
  9 deep elf annihilators
  20 red draconians
  7 spark wasps
  9 white draconians
  2 war gargoyles
  A minotaur (Gauntlet)
  12 yellow draconians
  7 bunyips
  15 black draconians
  5 dire elephants
  2 mummy priests (Crypt:3)
  An entropy weaver (shapeshifter) (D:13)
  6 eidola
  5 deep elf high priests
  2 crystal guardians (Elf:1)
  6 fire dragons
  9 jiangshi
  2 merfolk javelineers (Depths:2)
  Josephine (Orc:1)
  An entropy weaver (Vaults:4)
  5 ettins
  31 vault guards
  4 rakshasas
  18 yaktaur captains
  5 shambling mangroves
  A hell beast (D:10)
  3 salamander tyrants (Snake:4)
  The ghost of AlterAsc the Brawler, a journeyman TrFi of Makhleb (Orc:2)
  Fannar (D:10)
  5 great orbs of eyes
  4 ice dragons
  5 radroaches
  3 peacekeepers
  10 hydras
  A catoblepas (Elf:1)
  3 ghost crabs
  6 alligators
  5 spriggan air magi
  2 ogre magi (Vaults:5)
  7 ironbound frosthearts
  2 caustic shrike simulacra (IceCv)
  7 centaur warriors
  A spriggan skeleton (Crypt:3)
  6 death knights
  4 anacondas
  2 two-headed ogres
  2 satyrs (Zot:1)
  13 dancing weapons
  3 boulder beetles
  6 death yaks (Lair:1)
  A bennu skeleton (Crypt:1)
  5 deep troll shamans
  15 naga warriors
  5 vampire magi
  4 tengu warriors
  A thrashing horror (Abyss:3)
  3 deep troll earth magi
  6 spriggan berserkers
  Urug (D:12)
  5 orc high priests
  10 shock serpents
  15 naga sharpshooters
  Sonja (D:12)
  4 hell knights (Depths:4)
  A storm dragon zombie (Crypt:1)
  A titan skeleton (Crypt:1)
  6 deep elf knights
  2 sixfirhies (Abyss:3)
  A spectral dire elephant (Lair:5)
  A wretched star (Abyss:3)
  2 iron trolls (Depths:4)
  2 salamander mystics
  A sun demon (D:15)
  A spectral death yak (Lair:5)
  17 skeletal warriors
  9 shadow wraiths
  5 skysharks
  A skyshark (shapeshifter) (Elf:2)
  33 deep trolls
  6 glowing orange brains
  A golden dragon zombie (Depths:2)
  Lodul (D:11)
  9 spriggan druids
  2 iron giant zombies
  7 arcanists
  5 swamp dragons
  A spatial maelstrom (Abyss:3)
  11 mana vipers
  A spectral anaconda (Lair:5)
  8 flayed ghosts
  9 bog bodies
  2 mana vipers (shapeshifter)
  An orb spider (shapeshifter) (Depths:3)
  9 deep elf archers
  13 ironbound convokers
  2 death drakes (Elf:1)
  3 goliath frogs
  A shadow dragon zombie (Crypt:3)
  2 obsidian statues
  A quicksilver dragon simulacrum (Depths:2)
  2 sea snakes (Elf:1)
  3 spriggan simulacra (IceCv)
  A harpy (Vaults:2)
  2 naga ritualists
  7 lindwurms
  4 spectral hydras (Swamp:4)
  16 phantasmal warriors
  26 deep elf pyromancers
  16 orc knights
  A harpy (shapeshifter) (D:14)
  5 cyclopes
  4 large abominations (Abyss:3)
  10 salamanders
  13 deep elf zephyrmancers
  4 worldbinders
  12 necromancers
  57 ugly things
  Maurice (D:10)
  10 orc sorcerers
  An eleionoma zombie (Crypt:1)
  A salamander (shapeshifter) (Vaults:5)
  4 will-o-the-wisps
  2 tengu skeletons
  3 oklob plants (Swamp:4)
  An alligator zombie (Crypt:1)
  2 manticores
  A meliai (shapeshifter) (Elf:2)
  40 moths of wrath
  A goliath frog skeleton (Crypt:3)
  2 fauns (shapeshifter)
  3 naga zombies
  21 elephants
  18 vault sentinels
  9 guardian serpents
  4 meliai (Depths:2)
  A dire elephant zombie (Lair:5)
  A rust devil (D:10)
  A moth of wrath (shapeshifter) (D:11)
  31 black mambas
  A stone giant skeleton (Crypt:2)
  A frost giant skeleton (Depths:2)
  18 naga magi
  A kobold blastminer (Orc:2)
  A black draconian zombie (Crypt:3)
  2 smoke demons (Abyss:3)
  3 gargoyles
  4 orange demons
  A dire elephant skeleton (Crypt:1)
  16 cane toads
  A cane toad (shapeshifter) (Elf:1)
  A naga skeleton (Crypt:3)
  A rime drake (shapeshifter) (Elf:1)
  25 freezing wraiths
  2 centaur skeletons
  An elephant slug zombie (Crypt:1)
  An unseen horror (shapeshifter) (Elf:1)
  24 yaktaurs
  5 guardian mummies (Crypt:3)
  2 efreet
  4 tengu conjurers
  2 rime drakes
  2 harpy zombies (Crypt:1)
  4 anaconda simulacra (IceCv)
  An ancient zyme (Abyss:3)
  A death drake zombie (Crypt:3)
  10 komodo dragons
  3 hydra zombies
  10 trolls
  A polar bear (Lair:5)
  A bloated husk (Swamp:2)
  8 tyrant leeches
  5 hellwings
  Prince Ribbit (D:7)
  A red devil (Zot:3)
  A wolf spider simulacrum (D:15)
  2 tarantellas
  3 raiju (Abyss:3)
  14 blink frogs
  Grinder (D:4)
  A radroach zombie (Crypt:1)
  A harpy skeleton (D:15)
  18 hornets
  An alligator simulacrum (IceCv)
  17 slime creatures
  A dream sheep (shapeshifter) (Depths:2)
  6 glass eyes
  A glass eye (shapeshifter) (Elf:1)
  An ettin zombie (Crypt:2)
  3 centaur simulacra
  2 jumping spiders
  A meliai zombie (D:15)
  An ettin skeleton (Abyss:3)
  14 spriggans
  A culicivora (shapeshifter) (Depths:2)
  2 air elementals
  4 vampires
  A shadow (D:12)
  5 dire elephant simulacra (IceCv)
  11 water elementals
  A ynoxinul (Abyss:3)
  59 yaks
  A jumping spider (shapeshifter) (Depths:2)
  A wind drake zombie (Crypt:3)
  2 ushabtiu (Crypt:3)
  12 wraiths
  A golden eye (shapeshifter) (Elf:1)
  5 wyverns
  A steam dragon (D:8)
  6 basilisks
  A fire elemental (Elf:2)
  A hog (shapeshifter) (Elf:3)
  2 humans (D:14)
  2 neqoxecs
  8 wargs
  4 redbacks
  A steam dragon (shapeshifter) (Elf:1)
  20 vampire mosquitoes
  2 chaos spawn
  2 minotaur simulacra
  A redback simulacrum (D:15)
  5 harpy simulacra
  A death yak simulacrum (Lair:5)
  56 nagas
  15 swamp worms
  A skyshark zombie (Crypt:2)
  3 spectral cane toads (Lair:5)
  2 hydra simulacra (Swamp:4)
  7 water moccasins
  A water moccasin (shapeshifter) (D:15)
  2 ice beasts (D:7)
  8 swamp drakes
  A swamp dragon zombie (Swamp:4)
  A blink frog zombie (Crypt:3)
  2 ettin simulacra (IceCv)
  A sky beast (D:7)
  2 black bears
  An elephant zombie (Crypt:1)
  50 orc warriors
  An ice dragon simulacrum (Gauntlet)
  18 laughing skulls
  5 centaurs
  3 boggarts (Elf:1)
  23 wolves
  15 ogres
  4 elephant skeletons (Lair:5)
  A phantom (D:7)
  4 swamp dragon skeletons
  A kobold brigand (D:8)
  A bullfrog (shapeshifter) (D:13)
  A weeping skull (Abyss:3)
  2 brain worms (Abyss:3)
  12 bullfrogs
  3 necrophages (Crypt:1)
  3 small abominations (Abyss:3)
  2 deep troll simulacra (IceCv)
  5 gnoll sergeants
  7 earth elementals
  2 cyclops skeletons (Crypt:1)
  11 wights
  A troll zombie (Crypt:3)
  9 killer bees (D:9)
  A troll skeleton (Crypt:1)
  3 howler monkeys (D:10)
  3 lindwurm simulacra (IceCv)
  A quasit (Abyss:3)
  A black bear zombie (Crypt:3)
  A hound (D:6)
  A bombardier beetle (D:4)
  A gnoll bouda (D:9)
  2 jellies
  20 orc priests
  A bullfrog skeleton (Crypt:1)
  3 sleepcaps
  A basilisk skeleton (Crypt:3)
  23 orc wizards
  A boggart skeleton (Crypt:2)
  A crocodile zombie (Crypt:2)
  An ogre skeleton (Crypt:2)
  A boggart simulacrum (D:11)
  12 mummies (Crypt:3)
  A howler monkey zombie (Crypt:3)
  22 gnolls
  5 adders
  3 swamp drake zombies (Swamp:4)
  A shadow imp (D:6)
  A swamp drake skeleton (Swamp:4)
  2 white imps
  An ufetubus (Abyss:3)
  A dart slug (D:2)
  A ribbon worm (D:2)
  71 orcs
  3 endoplasms (D:3)
  2 giant cockroaches
  4 goblins
  9 hobgoblins
  4 jackals (D:2)
  13 kobolds
  5 quokkas
  8 ball pythons
  2 ball python skeletons
  2 bats (D:1)
  A bombardier beetle zombie (Crypt:1)
  6 rats
  A river rat skeleton (Crypt:3)
  An aspiring flesh (Zot:5)
  A lurking horror (Abyss:3)
2304 creatures vanquished.

Vanquished Creatures (collateral kills)
  Vv (Crypt:1)
  A golden dragon (Depths:4)
  A death cob (Zot:1)
  A storm dragon (Zot:1)
  A white draconian (Zot:1)
  A hornet (Swamp:3)
  A redback (shapeshifter) (Vaults:5)
7 creatures vanquished.

Vanquished Creatures (others)
  An ancient lich (Vaults:5)
  A frost giant (Vaults:5)
  A draconian annihilator (Zot:2)
  3 deep elf knights (Elf:1)
  A goliath frog (Swamp:4)
  A cyclops (D:11)
  A manticore (D:11)
  A vault sentinel (Vaults:5)
  4 bloated husks
  A tarantella (Elf:1)
  A swamp worm (Swamp:1)
  An orc (Orc:2)
  14 foxfires
31 creatures vanquished.

Grand Total: 2342 creatures vanquished

Notes
Turn   | Place    | Note
-------+----------+-------------------------------------------
     0 | D:1      | James the Minotaur Berserker began the quest for the Orb.
     0 | D:1      | Reached XP level 1. HP: 19/19 MP: 0/0
   348 | D:1      | Reached XP level 2. HP: 24/27 MP: 1/1
   393 | D:1      | Found a faded altar of an unknown god.
   432 | D:1      | Found Tuzint's General Store.
   875 | D:2      | Found an ornate altar of the Wu Jian Council.
  1063 | D:2      | Reached XP level 3. HP: 30/33 MP: 2/2
  1718 | D:3      | Reached ** piety under Trog
  2284 | D:3      | Found an ancient bone altar of Kikubaaqudgha.
  2342 | D:4      | Reached XP level 4. HP: 17/41 MP: 3/3
  2487 | D:4      | Found a shadowy altar of Dithmenos.
  2595 | D:4      | Noticed Grinder
  2771 | D:4      | Found a stormy altar of Qazlal.
  2772 | D:4      | Noticed an earth elemental
  2774 | D:4      | Noticed a fire elemental
  2774 | D:4      | Noticed an air elemental
  2774 | D:4      | Noticed a water elemental
  3000 | D:4      | Paralysed by Grinder for 4 turns
  3010 | D:4      | Killed Grinder
  3011 | D:4      | Reached skill level 5 in Fighting
  3011 | D:4      | Reached skill level 5 in Polearms
  3011 | D:4      | Reached XP level 5. HP: 33/48 MP: 4/4
  3011 | D:4      | Reached XP level 6. HP: 39/56 MP: 5/5
  3545 | D:5      | Entered Level 5 of the Dungeon
  3593 | D:5      | Reached skill level 5 in Armour
  3728 | D:5      | Reached XP level 7. HP: 53/63 MP: 6/6
  3746 | D:5      | Reached *** piety under Trog
  3900 | D:5      | Identified the +4 long sword "Gufuucei" {holy, Str+3}
  3921 | D:5      | Identified the +0 ring mail "Bemp" {Harm rN+ rCorr}
  4133 | D:5      | Found a runed translucent door.
  4134 | D:5      | Noticed nitefall's ghost (novice MiBe)
  4430 | D:6      | Identified the +3 dagger of Tender Mercy {flame, Stlth+}
  4447 | D:6      | Found Ygiosura's Jewellery Shoppe.
  4455 | D:6      | Identified the +0 leather armour of the Iron City of Dis
                  | {rN+ Str+4}
  4464 | D:6      | Found Vewed's Armour Shop.
  4556 | D:6      | Found a staircase to the Ecumenical Temple.
  4567 | Temple   | Entered the Ecumenical Temple
  4615 | D:6      | Noticed a yak
  4627 | D:6      | Killed a yak
  4628 | D:6      | Reached XP level 8. HP: 69/71 MP: 7/7
  4973 | D:6      | Found Esaoheova's Armour Boutique.
  5023 | D:6      | Found Bufoll's Assorted Antiques.
  5216 | D:6      | Found a white marble altar of Elyvilon.
  5356 | D:7      | Reached XP level 9. HP: 81/81 MP: 8/8
  5452 | D:7      | Reached skill level 10 in Polearms
  5615 | D:7      | Reached skill level 1 in Shields
  5928 | D:7      | Noticed Prince Ribbit
  5935 | D:7      | Killed Prince Ribbit
  6223 | D:7      | Reached **** piety under Trog
  6237 | D:8      | Identified the +6 hand axe of Grand Action {venom, Will++}
  6432 | D:8      | Reached XP level 10. HP: 87/91 MP: 9/9
  6437 | D:8      | Reached skill level 5 in Shields
  6567 | D:8      | Found a blossoming altar of Fedhas.
  6572 | D:8      | Found a sparkling altar of Nemelex Xobeh.
  6573 | D:8      | Found an opulent altar of Gozag.
  6579 | D:8      | Found a glowing golden altar of the Shining One.
  7821 | D:9      | Reached ***** piety under Trog
  7891 | D:10     | Entered Level 10 of the Dungeon
  7947 | D:10     | Found a transporter.
  8096 | D:10     | Found a transporter.
  8119 | D:10     | Found Sarar's Book Emporium.
  8119 | D:10     | Noticed Fannar
  8137 | D:10     | Killed Fannar
  8138 | D:10     | Reached skill level 10 in Fighting
  8283 | D:10     | Found Jokkaz's Specific Store.
  8285 | D:10     | Found Yttalog's General Store.
  8364 | D:10     | Reached skill level 10 in Armour
  8407 | D:10     | Noticed Maurice
  8419 | D:10     | Killed Maurice
  8435 | D:10     | Noticed Lodul
  9008 | D:10     | Reached XP level 11. HP: 101/101 MP: 10/10
  9035 | D:10     | Found a transporter.
  9041 | D:10     | Found a transporter.
  9117 | D:10     | Found a transporter.
  9118 | D:10     | Found a transporter.
  9135 | D:11     | Noticed a brown ugly thing
  9151 | D:11     | Killed a brown ugly thing
  9278 | D:11     | Killed Lodul
  9356 | D:11     | Found a gate leading to a gauntlet.
  9371 | Gauntlet | Entered a Gauntlet
  9371 | Gauntlet | Found a transporter.
  9381 | Gauntlet | Found a transporter.
  9392 | Gauntlet | Found a transporter.
  9395 | Gauntlet | Found a transporter.
  9404 | Gauntlet | Noticed a large abomination
  9406 | Gauntlet | Found a transporter.
  9406 | Gauntlet | Noticed a large abomination
  9421 | Gauntlet | Noticed a sixfirhy
  9421 | Gauntlet | Noticed a sixfirhy
  9422 | Gauntlet | Found a transporter.
  9431 | Gauntlet | Noticed a reaper
  9433 | Gauntlet | Found a transporter.
  9440 | Gauntlet | Found a runed translucent gate.
  9440 | Gauntlet | Found a runed translucent gate.
  9440 | Gauntlet | Found a runed translucent gate.
  9444 | Gauntlet | Found a transporter.
  9459 | Gauntlet | Found a transporter.
  9473 | Gauntlet | Found a transporter.
  9474 | Gauntlet | Found a transporter.
  9517 | Gauntlet | Found a transporter.
  9535 | Gauntlet | Found a transporter.
  9547 | Gauntlet | Found a transporter.
  9719 | Gauntlet | Identified the ring "Usew" {Fly rC+}
  9762 | Gauntlet | Identified the +4 scale mail of the Evil One {^Drain rElec
                  | rN+++ Int+3}
  9762 | Gauntlet | Noticed a minotaur
  9779 | Gauntlet | Killed a minotaur
  9824 | Gauntlet | Identified the +2 robe "Dijuug" {rC+ Archmagi}
 10025 | D:11     | Noticed a two-headed ogre
 10033 | D:11     | Killed a two-headed ogre
 10185 | D:11     | Noticed an ice dragon
 10201 | D:11     | Killed an ice dragon
 10205 | D:11     | Noticed a centaur warrior
 11002 | D:11     | Killed a centaur warrior
 11003 | D:11     | Reached skill level 10 in Shields
 11058 | D:11     | Reached XP level 12. HP: 110/110 MP: 11/11
 11392 | D:11     | Received a gift from Trog
 11433 | D:11     | Found a staircase to the Lair.
 11436 | D:11     | Found a staircase to the Orcish Mines.
 11903 | Lair:1   | Entered Level 1 of the Lair of Beasts
 11979 | Lair:1   | Reached skill level 5 in Dodging
 12275 | Lair:1   | Noticed a death yak
 12276 | Lair:1   | Noticed a death yak
 12276 | Lair:1   | Noticed a death yak
 12276 | Lair:1   | Noticed a death yak
 12278 | Lair:1   | Noticed a death yak
 12278 | Lair:1   | Noticed a death yak
 12295 | Lair:1   | Killed a death yak
 12302 | Lair:1   | Killed a death yak
 12310 | Lair:1   | Killed a death yak
 12319 | Lair:1   | Killed a death yak
 12333 | Lair:1   | Killed a death yak
 12338 | Lair:1   | Killed a death yak
 12491 | Lair:1   | Found a runed translucent gate.
 12492 | Lair:1   | Found a runed translucent gate.
 12493 | Lair:1   | Found a runed translucent gate.
 12607 | Lair:1   | Noticed Artemis2's ghost (journeyman DjCj)
 13124 | Lair:2   | Identified the +5 mace of Disorder {flame, *Corrode rN+
                  | Str+4}
 13290 | Lair:2   | Reached XP level 13. HP: 118/119 MP: 12/12
 13400 | Lair:2   | Found a staircase to the Snake Pit.
 13940 | D:1      | Bought the +10 trident of Icylirocs {freeze, rC+ MP+9 Str+5
                  | SInv} for 1437 gold pieces
 14285 | Lair:3   | Noticed Gastronok
 14292 | Lair:3   | Killed Gastronok
 14320 | Lair:3   | Received a gift from Trog
 14709 | Lair:3   | Identified the +0 glaive of Currency {vamp, rF++}
 14960 | Lair:3   | Found a staircase to the Swamp.
 15825 | Lair:4   | Found a staircase to the Slime Pits.
 16874 | Lair:5   | Entered Level 5 of the Lair of Beasts
 17038 | Lair:5   | Reached XP level 14. HP: 132/132 MP: 13/13
 17053 | Lair:5   | Received a gift from Trog
 17318 | Lair:5   | Reached skill level 15 in Shields
 17764 | Lair:5   | Identified the ring "Ahaizy" {rC+ Will+ MP+9 Str+3 Int-4}
 18452 | Lair:5   | Reached skill level 15 in Polearms
 18477 | Lair:5   | Reached skill level 15 in Armour
 18513 | Lair:5   | Received a gift from Trog
 18518 | Lair:5   | Reached skill level 15 in Fighting
 18944 | D:12     | Noticed Urug
 18955 | D:12     | Paralysed by Urug for 3 turns
 18964 | D:12     | Paralysed by Urug for 4 turns
 18971 | D:12     | Killed Urug
 19194 | D:12     | Noticed Sonja
 19206 | D:12     | Killed Sonja
 19698 | D:12     | Noticed an orc warlord
 19715 | D:12     | Killed an orc warlord
 20152 | Orc:1    | Entered Level 1 of the Orcish Mines
 20172 | Orc:1    | Reached XP level 15. HP: 130/141 MP: 14/14
 20173 | Orc:1    | Reached ****** piety under Trog
 20173 | Orc:1    | Received a gift from Trog
 20481 | Orc:2    | Entered Level 2 of the Orcish Mines
 20497 | Orc:2    | Found Malesits's Antique Weapon Emporium.
 20722 | Orc:1    | Noticed Josephine
 20815 | Orc:2    | Found Umomp's General Store.
 20882 | Orc:1    | Killed Josephine
 21038 | Orc:2    | Found Vijeoxkaewe's Jewellery Emporium.
 21060 | Orc:1    | Received a gift from Trog
 21746 | Orc:2    | Gained mutation: You do not regenerate when monsters are
                  | visible. [a neqoxec]
 21747 | Orc:2    | Gained mutation: Your body sometimes deteriorates upon
                  | taking damage. [a neqoxec]
 21749 | Orc:2    | Found a staircase to the Elven Halls.
 21873 | Orc:2    | Noticed Jorgrun
 21905 | Orc:2    | Killed Jorgrun
 21918 | Orc:2    | Found a runed translucent door.
 21921 | Orc:2    | Noticed AlterAsc's ghost (journeyman TrFi)
 21943 | Orc:2    | Noticed Donald
 21950 | Orc:2    | Killed Donald
 22051 | Orc:2    | Found Udougyif's Antique Armour Boutique.
 22222 | Orc:2    | Killed AlterAsc's ghost
 22264 | Orc:2    | Bought a +3 plate armour of fire resistance for 585 gold
                  | pieces
 23528 | D:14     | Found a broken altar of Ashenzari.
 23566 | D:13     | Reached skill level 1 in Evocations
 23709 | D:14     | Received a gift from Trog
 24303 | D:14     | Found a gate to the Vaults.
 24526 | D:15     | Entered Level 15 of the Dungeon
 24707 | D:15     | Reached XP level 16. HP: 152/152 MP: 15/15
 24813 | D:15     | Found a staircase to the Depths.
 25021 | D:15     | Found an ancient bone altar of Kikubaaqudgha.
 25223 | D:15     | Found Ovviw's Magic Scroll Shop.
 25461 | D:15     | Bought a scroll of brand weapon for 95 gold pieces
 25738 | Swamp:1  | Entered Level 1 of the Swamp
 25769 | Lair:3   | Lost mutation: Your body sometimes deteriorates upon taking
                  | damage. [potion of mutation]
 25769 | Lair:3   | Lost mutation: You do not regenerate when monsters are
                  | visible. [potion of mutation]
 25769 | Lair:3   | Gained mutation: You have sharp toenails. [potion of
                  | mutation]
 25769 | Lair:3   | Gained mutation: You have a pair of large horns on your
                  | head. [potion of mutation]
 26340 | Swamp:1  | Found a runed translucent gate.
 26340 | Swamp:1  | Found a runed translucent gate.
 26341 | Swamp:1  | Found a runed translucent gate.
 26341 | Swamp:1  | Noticed GriffinBr's ghost (journeyman DsGl)
 26683 | Swamp:2  | Received a gift from Trog
 27898 | Swamp:3  | Noticed a thorn hunter
 27906 | Swamp:3  | Killed a thorn hunter
 28147 | Swamp:3  | Identified the ring of Gaygeje {*Corrode MP+9 Str+3}
 28241 | Swamp:3  | Reached XP level 17. HP: 161/161 MP: 16/16
 28263 | Swamp:4  | Entered Level 4 of the Swamp
 28296 | Swamp:4  | Reached skill level 5 in Evocations
 29072 | Swamp:4  | Received a gift from Trog
 29341 | Swamp:4  | Reached XP level 18. HP: 170/170 MP: 17/17
 30105 | Swamp:4  | Found a basalt altar of Yredelemnul.
 30118 | Swamp:4  | Got a decaying rune of Zot
 30212 | Swamp:4  | Found a blossoming altar of Fedhas.
 30580 | Snake:1  | Entered Level 1 of the Snake Pit
 30642 | Snake:1  | Identified the +9 shortbow "Newt's Demise" {heavy, Dex+2}
 30653 | Snake:1  | Found Fijogg's Weapon Shoppe.
 31177 | Snake:1  | Received a gift from Trog
 31331 | Snake:1  | Noticed Frances
 31340 | Snake:1  | Killed Frances
 31832 | Snake:2  | Found Degoalehati's Distillery.
 32290 | Snake:2  | Found Itahuaph's Antique Weapon Emporium.
 32296 | Snake:2  | Found Fusuehed's Antique Armour Shoppe.
 32339 | Snake:2  | Found Xoibapto's Weapon Emporium.
 32406 | Snake:2  | Identified the serpent talisman of the Moon {Str+5 Int+2}
 32406 | Snake:2  | Noticed Aizul
 32429 | Snake:2  | Killed Aizul
 32443 | Snake:2  | Received a gift from Trog
 32828 | Snake:2  | You are sucked into a shaft and drop 1 floor!
 34375 | Snake:3  | Reached XP level 19. HP: 181/181 MP: 18/18
 34711 | Snake:4  | Entered Level 4 of the Snake Pit
 34932 | Snake:4  | Identified the +10 trident of Riaxun {flame, rN++} (Trog
                  | gifted it to you on level 4 of the Snake Pit)
 34932 | Snake:4  | Received a gift from Trog
 35730 | Snake:4  | Identified the +6 chain mail of the Pirate {rElec rCorr
                  | Int+2 Stlth-}
 36207 | Orc:2    | Bought the ring of Awytatus {rF+ Int+3 Dex+6} for 731 gold
                  | pieces
 36868 | Snake:4  | Got a serpentine rune of Zot
 37146 | Elf:1    | Entered Level 1 of the Elven Halls
 37170 | Elf:1    | Received a gift from Trog
 37685 | Elf:1    | Noticed Agnes
 37694 | Elf:1    | Killed Agnes
 38137 | Elf:1    | Received a gift from Trog
 38551 | Elf:1    | Noticed a caustic shrike
 38560 | Elf:1    | Killed a caustic shrike
 38818 | Elf:2    | Found a glacial archway.
 38907 | IceCv    | Entered an ice cave
 39092 | IceCv    | Found an ancient bone altar of Kikubaaqudgha.
 39099 | IceCv    | Reached XP level 20. HP: 166/193 MP: 19/19
 39104 | IceCv    | Received a gift from Trog
 39656 | Elf:2    | Found a transporter.
 39657 | Elf:2    | Found Puhatol's Weapon Emporium.
 39674 | Elf:2    | Found Huiwub's Armour Shop.
 39966 | Elf:2    | Found a runed translucent gate.
 39967 | Elf:2    | Found a runed translucent gate.
 39967 | Elf:2    | Found a runed translucent gate.
 40059 | Elf:2    | Found Mit Umetut's Book Shop.
 40255 | Elf:2    | Found a transporter.
 40391 | Elf:3    | Entered Level 3 of the Elven Halls
 40499 | Elf:3    | Noticed Asterion
 40532 | Elf:2    | Killed Asterion
 41005 | Abyss:3  | Cast into level 3 of the Abyss (a deep elf sorcerer)
 41044 | Abyss:3  | Received a gift from Trog
 41317 | Abyss:3  | Noticed a dread lich
 41335 | Abyss:3  | Killed a dread lich
 41396 | Elf:3    | Escaped the Abyss
 41457 | Elf:3    | Received a gift from Trog
 41747 | Elf:3    | Identified the +1 robe "Vacekhla" {Rampage Int-4 Slay+3}
 41876 | Elf:3    | Identified the ring of Qumm {Fly Str+2 SInv}
 42240 | Elf:3    | Identified the +3 spear "Widowmaker" {protect, Will+++
                  | Str-3 SInv}
 42254 | Elf:3    | Identified the +3 halberd "Fijainkousch" {speed, Int+2}
 42267 | Elf:3    | Identified the +9 hand axe of Perversion {vamp, rPois}
 43160 | Vaults:1 | Entered Level 1 of the Vaults
 43649 | Vaults:1 | Received a gift from Trog
 43902 | Vaults:1 | Reached XP level 21. HP: 202/204 MP: 20/20
 44332 | Vaults:1 | Found a portal to a secret trove of treasure.
 44553 | Vaults:2 | Found a staircase to the Crypt.
 44563 | Vaults:2 | Noticed Nikola
 44582 | Vaults:2 | Killed Nikola
 44680 | Vaults:2 | Reached skill level 10 in Dodging
 44721 | Vaults:2 | Received a gift from Trog
 44972 | Vaults:2 | Noticed Saint Roka
 44994 | Vaults:2 | Killed Saint Roka
 45176 | Vaults:2 | Identified the +1 sling "Cieka" {freeze, ^Drain Will+
                  | Str+5}
 46168 | Vaults:3 | Found Zeghetua's Weapon Shop.
 46280 | Vaults:3 | Identified the +2 trident of Adverse Possession {flame,
                  | rPois rF- rCorr} (Trog gifted it to you on level 3 of the
                  | Vaults)
 46280 | Vaults:3 | Received a gift from Trog
 46551 | Vaults:3 | Found Suotwog's Antique Weapon Shop.
 46998 | Vaults:3 | Received a gift from Trog
 47170 | Vaults:3 | Found Gigyrooq's Antique Weapon Shop.
 47248 | Vaults:3 | Found Carghoj's Armour Emporium.
 47815 | Vaults:4 | Reached XP level 22. HP: 217/217 MP: 21/21
 48270 | Vaults:4 | Found a runed translucent door.
 48570 | Depths:1 | Entered Level 1 of the Depths
 48645 | Depths:1 | Found Uploosm's General Store.
 48653 | Depths:1 | Found Zilurhar's Armour Boutique.
 48659 | Depths:1 | Bought a +1 pair of gloves of infusion for 297 gold pieces
 48682 | Depths:1 | Found a gateway to Hell.
 49215 | Depths:1 | Found a one-way gate to the infinite horrors of the Abyss.
 49423 | Depths:2 | Noticed Boris
 49441 | Depths:2 | Killed Boris
 49640 | Depths:2 | Noticed Norris
 49663 | Depths:2 | Killed Norris
 49859 | Depths:2 | Identified the +10 trident "Boiholl" {antimagic, rC+ Str+3
                  | Stlth+} (Trog gifted it to you on level 2 of the Depths)
 49859 | Depths:2 | Received a gift from Trog
 50899 | Depths:2 | Noticed a caustic shrike
 50918 | Depths:2 | Killed a caustic shrike
 51031 | Depths:2 | Identified the +1 glaive "Eref" {vamp, rN+ Int+3}
 51141 | Depths:2 | Paralysed by a sphinx for 2 turns
 51360 | Depths:2 | Identified the +0 leather armour "Xubisona" {Int+2 Stlth+}
 51467 | Depths:2 | Received a gift from Trog
 51674 | Depths:2 | Reached skill level 10 in Evocations
 51789 | Depths:2 | Found a one-way gate leading to the halls of Pandemonium.
 51838 | Depths:2 | Identified the ring "Apent" {+Blink rF+ Str+6 Dex-5}
 52230 | Depths:2 | Identified the staff "Enotyf" {rF+ Will++ Dex-5 Fire}
 52565 | Depths:3 | Noticed a golden dragon
 52586 | Depths:2 | Killed a golden dragon
 52822 | Depths:3 | Noticed a caustic shrike
 52822 | Depths:3 | Noticed Boris
 52832 | Depths:2 | Killed Boris
 52873 | Depths:2 | Killed a caustic shrike
 53072 | Depths:3 | Noticed a caustic shrike
 53088 | Depths:2 | Killed a caustic shrike
 53242 | Depths:3 | Reached XP level 23. HP: 229/229 MP: 22/22
 53355 | Depths:3 | Noticed a juggernaut
 53361 | Depths:3 | Killed a juggernaut
 53390 | Depths:3 | Noticed a caustic shrike
 53400 | Depths:3 | Killed a caustic shrike
 53418 | Depths:3 | Received a gift from Trog
 53654 | Depths:3 | Noticed a juggernaut
 53661 | Depths:3 | Killed a juggernaut
 54082 | Depths:3 | Identified the +6 scale mail of the Orb Guardian {Int+2}
 54499 | Depths:4 | Entered Level 4 of the Depths
 54587 | Depths:4 | Found Edaaf's Antique Armour Shop.
 54692 | Depths:4 | Noticed Boris
 54698 | Depths:4 | Killed Boris
 55036 | Depths:4 | Found a gate to the Realm of Zot.
 55538 | Depths:4 | Received a gift from Trog
 55611 | Depths:4 | Found Femim Pisua's Antique Weapon Emporium.
 55628 | Depths:4 | Noticed Margery
 55652 | Depths:4 | Killed Margery
 55679 | Depths:4 | HP: 4/232 [hellephant/blast of flame[Margery] (24)]
 56271 | Depths:4 | Found a one-way gateway to a ziggurat.
 56772 | Crypt:1  | Entered Level 1 of the Crypt
 57902 | Crypt:1  | Noticed Boris
 57913 | Crypt:1  | Killed Boris
 58420 | Crypt:2  | Identified the +8 dagger of the Land of Plenty {flame,
                  | ^Fragile Fly Dex+10} (Trog gifted it to you on level 2 of
                  | the Crypt)
 58420 | Crypt:2  | Received a gift from Trog
 58538 | Crypt:2  | Noticed Vv
 58557 | Crypt:2  | Paralysed by a vampire knight for 4 turns
 58589 | Crypt:1  | Killed Vv
 58638 | Crypt:2  | Reached XP level 24. HP: 242/243 MP: 22/22
 59940 | Crypt:2  | Received a gift from Trog
 60096 | Crypt:2  | Found a runed translucent door.
 60097 | Crypt:2  | Noticed Houmnergh's ghost (master GnSh)
 60571 | Vaults:5 | Entered Level 5 of the Vaults
 60574 | Vaults:5 | Noticed an ancient lich
 60587 | Vaults:5 | Killed an ancient lich
 60644 | Vaults:5 | Identified the +3 shortbow "Iska Ryd" {drain, rN+ SInv}
 61204 | Vaults:5 | Noticed a dread lich
 61221 | Vaults:5 | Killed a dread lich
 61246 | Vaults:5 | Received a gift from Trog
 61517 | Vaults:5 | Got a silver rune of Zot
 61859 | Vaults:5 | Identified the +6 orcbow of Plague {freeze, rC+ Str+3}
 62381 | Vaults:5 | Identified the +4 halberd of Immorality {flame, rCorr}
                  | (Trog gifted it to you on level 5 of the Vaults)
 62381 | Vaults:5 | Received a gift from Trog
 62742 | Vaults:5 | Identified the +1 helmet of Tuuqacat {SInv}
 62767 | Vaults:5 | Identified the +9 great sword of Amorality {heavy, Will++
                  | rCorr}
 63650 | Crypt:3  | Entered Level 3 of the Crypt
 64397 | Crypt:3  | Reached XP level 25. HP: 140/254 MP: 22/22
 65208 | Zot:1    | Entered Level 1 of the Realm of Zot
 65511 | Zot:1    | Reached skill level 15 in Dodging
 65712 | Zot:1    | Identified the +6 mace of Ijoewoxtidgh {flame, ^Drain
                  | Int+4}
 65810 | Zot:1    | Received a gift from Trog
 68691 | Zot:2    | Identified the +2 quarterstaff "Ceud" {flame, rC++} (Trog
                  | gifted it to you on level 2 of the Realm of Zot)
 68691 | Zot:2    | Received a gift from Trog
 69454 | Zot:2    | Identified the +1 leather armour of the Desert {rN+ Dex+6}
 69674 | Zot:2    | Noticed an orb of fire
 69676 | Zot:2    | Gained mutation: You occasionally lose the ability to read
                  | scrolls when taking damage. [an orb of fire]
 69690 | Zot:2    | Killed an orb of fire
 70311 | Zot:2    | Noticed an ancient lich
 70319 | Zot:2    | Killed an ancient lich
 70357 | Zot:2    | Noticed a Killer Klown
 70367 | Zot:2    | Killed a Killer Klown
 70397 | Zot:2    | Noticed an orb of fire
 70403 | Zot:2    | Gained mutation: You occasionally shout uncontrollably at
                  | your foes. [an orb of fire]
 70409 | Zot:2    | Gained mutation: You sometimes lose the ability to read
                  | scrolls when taking damage. [an orb of fire]
 70410 | Zot:2    | Killed an orb of fire
 70411 | Zot:2    | Reached skill level 27 in Fighting
 71178 | Crypt:3  | Found a staircase to the Tomb.
 71723 | Crypt:3  | Reached skill level 27 in Shields
 71778 | Crypt:3  | Reached XP level 26. HP: 256/266 MP: 20/22
 71845 | Crypt:3  | Found a basalt altar of Yredelemnul.
 71852 | Crypt:3  | Found an ancient bone altar of Kikubaaqudgha.
 71911 | Crypt:3  | Identified the amulet of Yxkenog {Spirit Str+3 Int+4}
 72012 | Crypt:3  | Identified the +5 spear of Trog's Envy {flame, rC+ Stlth+}
                  | (Trog gifted it to you on level 3 of the Crypt)
 72012 | Crypt:3  | Received a gift from Trog
 72469 | Zot:3    | Noticed Parghit
 72686 | D:15     | Bought a scroll of enchant armour for 75 gold pieces
 72890 | D:6      | Bought a scroll of enchant armour for 247 gold pieces
 73229 | Zot:3    | Noticed an orb of fire
 73411 | Zot:2    | Killed Parghit
 73695 | Zot:3    | Gained mutation: Your body sometimes deteriorates upon
                  | taking damage. [an orb of fire]
 73700 | Zot:3    | Killed an orb of fire
 75417 | Zot:4    | Noticed an orb of fire
 75438 | Zot:3    | Gained mutation: You are frail. (-10% HP) [an orb of fire]
 75439 | Zot:3    | Killed an orb of fire
 75680 | Zot:3    | Lost mutation: You sometimes lose the ability to read
                  | scrolls when taking damage. [potion of mutation]
 75680 | Zot:3    | Lost mutation: You have a pair of large horns on your head.
                  | [potion of mutation]
 75680 | Zot:3    | Lost mutation: Your body sometimes deteriorates upon taking
                  | damage. [potion of mutation]
 75680 | Zot:3    | Gained mutation: Your flesh is heat resistant. (rF+)
                  | [potion of mutation]
 75681 | Zot:3    | Lost mutation: You occasionally lose the ability to read
                  | scrolls when taking damage. [potion of mutation]
 75681 | Zot:3    | Lost mutation: You are frail. (-10% HP) [potion of
                  | mutation]
 75681 | Zot:3    | Gained mutation: You have a pair of large horns on your
                  | head. [potion of mutation]
 75681 | Zot:3    | Gained mutation: You have sharp fingernails. [potion of
                  | mutation]
 75681 | Zot:3    | Gained mutation: You have hidden genetic potential. [potion
                  | of mutation]
 76016 | Zot:4    | Identified the +5 scale mail of the Desert {-Tele rElec
                  | rF++ MP+9}
 76146 | Zot:4    | Found a blossoming altar of Fedhas.
 76207 | Zot:4    | Received a gift from Trog
 76854 | Zot:4    | Noticed a dread lich
 76869 | Zot:4    | Killed a dread lich
 76870 | Zot:4    | Noticed a dread lich
 76884 | Zot:4    | HP: 15/399 [???[a dread lich] (13)]
 76885 | Zot:4    | Killed a dread lich
 77262 | Zot:4    | Found a faded altar of an unknown god.
 78065 | Vaults:1 | You paid a toll of 5 potions of resistance to enter a
                  | treasure trove
 78066 | Trove    | Entered a treasure trove
 78106 | Trove    | Identified the amulet "Qoizith" {Reflect rElec rN+ Int-4
                  | Slay+5 SH+5}
 78110 | Trove    | Identified the amulet "Yjawidd" {Faith Int+2}
 78164 | Vaults:1 | Reached XP level 27. HP: 273/273 MP: 22/22
 78637 | D:10     | Bought a potion of heal wounds for 75 gold pieces
 78821 | Snake:2  | Bought 2 potions of heal wounds for 130 gold pieces
 78821 | Snake:2  | Bought a potion of haste for 130 gold pieces
 78821 | Snake:2  | Bought a potion of curing for 39 gold pieces
 78821 | Snake:2  | Bought a potion of mutation for 104 gold pieces
 79073 | Depths:1 | Bought a potion of haste for 190 gold pieces
 79240 | Zot:5    | Entered Level 5 of the Realm of Zot
 79900 | Zot:5    | Noticed a dread lich
 79905 | Zot:5    | Paralysed by a dread lich for 5 turns
 79915 | Zot:5    | Paralysed by a dread lich for 5 turns
 79922 | Zot:5    | Killed a dread lich
 80302 | Zot:5    | Reached skill level 15 in Evocations
 80312 | Zot:5    | Noticed an orb of fire
 80315 | Zot:5    | Noticed an orb of fire
 80318 | Zot:5    | Noticed an orb of fire
 80327 | Zot:4    | Lost mutation: You have hidden genetic potential. [an orb
                  | of fire]
 80328 | Zot:4    | Gained mutation: Your magical capacity is low. (-10% MP)
                  | [an orb of fire]
 80337 | Zot:4    | Killed an orb of fire
 80540 | Zot:5    | Gained mutation: You frequently scream uncontrollably at
                  | your foes. [an orb of fire]
 80551 | Zot:5    | Noticed an orb of fire
 80559 | Zot:4    | Gained mutation: You are clumsy. (Dex -2) [an orb of fire]
 80571 | Zot:4    | Gained mutation: You are frail. (-10% HP) [an orb of fire]
 80576 | Zot:4    | Gained mutation: You are covered in fur. (AC +1) [an orb of
                  | fire]
 80577 | Zot:4    | Killed an orb of fire
 80680 | Zot:5    | Gained mutation: You are dopey. (Int -2) [an orb of fire]
 80691 | Zot:4    | Lost mutation: You are frail. (-10% HP) [an orb of fire]
 80696 | Zot:4    | Killed an orb of fire
 80854 | Zot:4    | Killed an orb of fire
 81010 | Zot:5    | Received a gift from Trog
 81239 | Zot:5    | Noticed a dread lich
 81387 | Zot:5    | Killed a dread lich
 81485 | Zot:5    | Noticed an ancient lich
 81485 | Zot:5    | Noticed a dread lich
 81498 | Zot:5    | Killed an ancient lich
 81498 | Zot:5    | Noticed a dread lich
 81504 | Zot:5    | Killed a dread lich
 81567 | Zot:5    | Killed a dread lich
 82117 | Zot:5    | Noticed an ancient lich
 82126 | Zot:5    | Killed an ancient lich
 82660 | Zot:5    | Noticed a dread lich
 82675 | Zot:4    | Killed a dread lich
 82676 | Zot:4    | Reached skill level 27 in Armour
 82811 | Zot:5    | Noticed an ancient lich
 82846 | Zot:5    | Killed an ancient lich
 83860 | Zot:5    | Got the Orb of Zot
 83949 | Zot:4    | Noticed Deumau the pandemonium lord
 83963 | Zot:4    | Killed Deumau the pandemonium lord
 83978 | Zot:3    | Noticed Rahyod the pandemonium lord
 83992 | Zot:3    | Killed Rahyod the pandemonium lord
 84449 | D:$      | Escaped with the Orb!

Illustrated notes

Levels and vault maps discovered:
D:1:      lightli_arrival_farm, layout_basic, serial_shops, shop,
          shapermc_ecumenical_altar_starsandcircs, st_stairs_1, nicolae_titane
D:2:      layout_basic, basic_altar
D:3:      minmay_general_purpose_star, layout_basic,
          mainiacjoe_overflow_alcove_4
D:4:      layout_layer_cave, grunt_dithmenos_smoke,
          nicolae_qazlal_style_of_elements, uniq_grinder
D:5:      layout_loops_ring, gammafunk_ghost_grave
D:6:      layout_rooms, nicolae_elyvilon_temple_path, minmay_temple_entry_fiery,
          serial_shops, shop, nicolae_shop_peninsula, nicolae_shop_peninsula,
          shop, grunt_decor_arrowhead
D:7:      layout_gridville, uniq_prince_ribbit1
D:8:      lemuel_ice_spiral_2, layout_rooms,
          nicolae_overflow_macrodata_refinement
D:9:      nicolae_cairo_tiling_large, layout_basic, kennysheep_nondescript
D:10:     layout_layer_cave, serial_shops, shop, nicolae_specific_store,
          serial_nicolae_subway, nicolae_sub_station_metal,
          nicolae_sub_station_stone, nicolae_sub_station_crystal, uniq_maurice,
          uniq_lodul, uniq_fannar
D:11:     minmay_the_grid_net [minmay_the_grid_dragon_a,
          minmay_the_grid_embedded, minmay_the_grid_spin_star,
          minmay_the_grid_x, minmay_the_grid_pillar_ring,
          minmay_the_grid_prize_big_room], layout_gridville,
          gauntlet_entry_generic, chequers_avenue
D:12:     orc_temple, layout_cave_pods, hangedman_decor_peaks_small,
          lemuel_flamethrower_3, uniq_urug, uniq_sonja
D:13:     layout_long_grid, special_room [special_room_orc], minivault_10
D:14:     layout_irregular_city, hellmonk_vaults_keyhole,
          evilmike_ruin_ashenzari, nicolae_wand_duel
D:15:     grunt_enter_depths_magical_seal, layout_irregular_city, serial_shops,
          nicolae_shop_rolling_square, kiku_gazebo_garden_becter
Temple:   zaba_magenta_temple
Lair:1:   layout_small_grid, ebering_ghost_rock_garden
Lair:2:   layout_roguey, alex1729_snake_entry_snake
Lair:3:   layout_gridlike, mainiacjoe_swamp_entry_angry_trees, uniq_gastronok
Lair:4:   wad_woods_structure_01, layout_layer_cave, slime_entry_1
Lair:5:   due_jungle_book, layout_gridlike, wad_woods_02, serial_bayou_shore_b
Swamp:1:  layout_falls_marsh, gammafunk_ghost_necromancy,
          nicolae_swamp_triple_paths, infiniplex_staircase_pool
Swamp:2:  layout_basic_swamp, evilmike_swamp_ruin_house_5,
          nicolae_swamp_tree_isthmus, infiniplex_staircase_pool_2,
          nicolae_swamp_long_stream
Swamp:3:  layout_basic_swamp, evilmike_swamp_ruin_house_1
Swamp:4:  byrel_swamp_growth_death_and_undeath, layout_basic_swamp
Snake:1:  nicolae_snake_hallway, layout_basic, serial_shops, shop, drop_trap,
          uniq_frances
Snake:2:  nicolae_aizul_guard, layout_cave_shapes, serial_shops,
          nicolae_stop_n_shop_1, st_stairs_7, minmay_shop_star
Snake:3:  layout_gridlike, fake_guardian_serpent_vault
Snake:4:  hellmonk_snake_rune_quicksilver_temple, layout_chambers,
          nicolae_snake_gridmaze_swirls
Orc:1:    layout_caves, uniq_josephine
Orc:2:    grunt_orc_gardens, layout_diamond_mine, grunt_orc_garden,
          grunt_orc_garden, grunt_orc_garden, grunt_orc_garden,
          hellmonk_ghost_happy_afterlife, uniq_donald, uniq_jorgrun
Elf:1:    eino_elf_arrival_the_gate, layout_geoelf_diagonals,
          serial_magic_research, hangedman_research_toxicology,
          hangedman_research_convocations, hangedman_research_geology,
          hangedman_research_probablistics, nicolae_elf_shapeshifter_party,
          feat_on_display, uniq_agnes
Elf:2:    nicolae_elf_blades_crystal_corner, layout_loops_corners,
          portal_ice_cave_entry_ugly_swarm, serial_shops, shop,
          nicolae_shop_pleasant_corner_grove, nicolae_shop_drivethru
Elf:3:    minmay_elf_hall_statues, layout_loops_cross, grunt_ministairs_9,
          dk_noncrumbling_3, uniq_asterion
Vaults:1: nicolae_vaults_cochlea, nicolae_vaults_storage_room_glass,
          hangedman_vaults_impose, vaults_dpeg_doors, v_misc_9,
          grunt_vaults_bifocal, dpeg_vaults_monster_box,
          nicolae_vaults_asterisk, ontoclasm_vaults_gallery, vaults_dpeg_cross,
          ontoclasm_vaults_spin, nicolae_vaults_closet_pinwheel_6,
          nicolae_vaults_wrenched, nicolae_vaults_prndl, layout_vaults_omnibox,
          nicolae_trove_entry_free_sample
Vaults:2: blue_anna_dwarven_crypt, grunt_vaults_hallway_long,
          nicolae_vaults_shipping_containers_1, nicolae_vaults_mitosis,
          hangedman_vaults_trim, vaults_room_semicircle,
          nicolae_vaults_network_s, vaults_room_large_hall, v_alt_pattern_5,
          nicolae_vaults_trapezoid_lopsided_4, v_rooms_3,
          nicolae_vaults_network_periphery, serial_library_hellmonk_open_square,
          nicolae_vaults_little_ls, nicolae_vaults_apartment_1,
          nicolae_vaults_two_Ls, layout_vaults_maze_bifur, uniq_nikola,
          uniq_saint_roka
Vaults:3: nicolae_vaults_hexular_roomagon, nicolae_vaults_shelves_hall,
          v_pattern_3, hangedman_vaults_slice, nicolae_vaults_six-pack,
          nicolae_vaults_diffraction_hallways, ontoclasm_vaults_loading_screen,
          ontoclasm_vaults_chip, nicolae_vaults_heist, layout_vaults_omnigrid,
          serial_shops, shop, nicolae_shop_tiny_glass, shop_fountains, shop
Vaults:4: nicolae_vaults_apartment_2, nicolae_vaults_spaceships,
          nicolae_vaults_hexular_roomagon, grunt_vaults_diagonal, v_misc_25,
          nicolae_vaults_wine_cellar, nicolae_vaults_oozy_zoo,
          vaults_room_ringed_pool, nicolae_vaults_gold_heap,
          nicolae_vaults_trapezoid_layered, layout_vaults_big_room
Vaults:5
Crypt:1:  layout_misc_corridors
Crypt:2:  layout_gridlike, ebering_ghost_inner_flame,
          nicolae_crypt_booths_of_the_dead, uniq_vv
Crypt:3:  lightli_unholy_cathedral, layout_chaotic_city,
          nicolae_tomb_entry_unfolded_pyramid_diagonal
Depths:1: layout_long_grid, minmay_misc_feat_cross, hangedman_coc_ice_floe,
          abyss_entry_small_statue_room, nicolae_letterblocks
          [nicolae_letter_subblock, nicolae_letter_subblock,
          nicolae_letter_subblock, nicolae_letter_subblock,
          nicolae_letter_subblock, nicolae_letter_subblock,
          nicolae_letter_subblock, nicolae_letter_subblock,
          nicolae_letter_subblock, nicolae_letter_subblock,
          nicolae_letter_subblock, nicolae_letter_subblock,
          nicolae_letter_subblock, nicolae_letter_subblock,
          nicolae_letter_subblock, nicolae_letter_subblock,
          nicolae_letter_subblock, nicolae_letter_subblock,
          nicolae_letter_subblock, nicolae_letter_subblock,
          nicolae_letter_subblock, nicolae_letter_subblock,
          nicolae_letter_subblock, nicolae_letter_subblock,
          nicolae_letter_subblock], minmay_shoptagon
Depths:2: box_level_dp, hell_entry, abyss_entry, serial_shops, pan_entry,
          uniq_norris, uniq_boris
Depths:3: minmay_four_inscribed_fans, layout_cave_pools, hell_entry, abyss_entry
Depths:4: grunt_crosshair, layout_basic, enter_ziggurat_d,
          kennysheep_flooded_box, grunt_metal_band, serial_shops, shop, shop
Zot:1:    layout_concentric_octagons, zot_minivault_1
Zot:2:    layout_gridville, regret_index_zotdec_twisting_globes, st_stairs_14,
          hangedman_player_shredder
Zot:3:    layout_misc_corridors, regret_index_zotdec_wing_it,
          grunt_ministairs_10, uniq_parghit
Zot:4:    regret_index_infernal_bastille, layout_misc_corridors,
          regret_index_zotdec_tunneler, basic_altar,
          regret_index_zotdec_stipple_waver
Zot:5:    layout_concentric_octagons

Skill      XL: |  1  2  3  4  5  6  7  8  9 10 11 12 13 14 15 16 17 18 19 20 21 22 23 24 25 26 27 |
---------------+----------------------------------------------------------------------------------+-----
Fighting       | 4 5 6 8 9 10 11 12 14 15 16 17 18 19 21 22 24 25 26 27 | 27.0
Armour         | 3 4 5 6 7 8 10 11 12 14 15 16 17 18 19 20 21 22 23 24 26 27 | 27.0
Polearms       | 4 5 7 9 11 13 14 15 16 17 18 19 20 21 22 23 24 25 26 | 26.4
Dodging        | 3 4 6 8 9 11 12 13 14 16 19 22 | 22.2
Shields        | 4 6 10 13 14 16 18 20 22 23 24 25 26 27 | 27.0
Evocations     | 2 4 5 6 7 9 10 11 12 13 14 17 | 17.3

Action                     |  1- 3 |  4- 6 |  7- 9 | 10-12 | 13-15 | 16-18 | 19-21 | 22-24 | 25-27 || total
---------------------------+-------+-------+-------+-------+-------+-------+-------+-------+-------++-------
  Melee: Spear             |   134 |       |       |       |       |       |       |       |       ||   134
         Headbutt          |    20 |     7 |    43 |   134 |   345 |   203 |   394 |   543 |   489 ||  2178
         Trident           |    14 |    58 |   273 |   690 |  1407 |   670 |     2 |   561 |   147 ||  3822
         Punch             |     1 |       |     2 |       |       |       |       |       |       ||     3
         Demon trident     |       |       |       |       |       |   375 |  1652 |  1326 |  1546 ||  4899
  Throw: Dart              |       |     4 |       |       |     5 |       |       |       |       ||     9
         Javelin           |       |       |       |       |       |       |       |       |     3 ||     3
 Invoke: Berserk           |       |       |       |     2 |       |     1 |       |       |     1 ||     4
         Trog's Hand       |       |       |       |     1 |       |     1 |       |     2 |     1 ||     5
         Brothers in Arms  |       |       |       |     1 |       |     1 |       |     4 |     2 ||     8
  Evoke: Wand              |       |       |       |       |     2 |       |       |     1 |       ||     3
    Use: Scroll            |       |     6 |     7 |    13 |     6 |     4 |     3 |     5 |    16 ||    60
         Potion            |       |       |     1 |     1 |       |     4 |       |    12 |     8 ||    26
   Stab: Distracted        |       |       |       |       |       |     1 |     2 |     1 |     1 ||     5
         Invisible         |       |       |       |       |       |       |       |    10 |       ||    10
 Armour: Leather armour    |    15 |       |       |       |       |       |       |       |       ||    15
         Scale mail        |    41 |    32 |    83 |       |       |       |       |       |       ||   156
         Ring mail         |     6 |       |       |       |       |       |       |       |       ||     6
         Chain mail        |       |       |    34 |    23 |       |       |   284 |   401 |   170 ||   912
         Plate armour      |       |       |       |   227 |   336 |   486 |    29 |       |       ||  1078
         Gold dragon scale |       |       |       |       |       |       |       |       |   468 ||   468
  Dodge: Dodged            |    50 |    12 |    77 |   102 |   177 |   177 |   154 |   269 |   276 ||  1294
  Block: Other             |     4 |    12 |    17 |       |       |       |       |       |       ||    33
         Reflection        |       |       |     5 |    15 |    46 |   103 |   159 |    50 |    27 ||   405
         Buckler           |       |       |    27 |    85 |       |       |       |       |       ||   112
         Kite shield       |       |       |       |   161 |   770 |   527 |       |       |       ||  1458
         Tower shield      |       |       |       |       |       |   360 |  1186 |  1265 |  1267 ||  4078
